[Event "Srdja Dragasevic Memorial-A 2024"]
[Site "Cetinje"]
[Date "2024.06.23"]
[Round "3.16"]
[White "Kolmakov, Ivan D."]
[Black "Miletic, Vuk"]
[Result "1-0"]
[ECO "B30"]
[WhiteElo "1902"]
[BlackElo "2193"]
[Annotator "RC"]
[PlyCount "51"]
[EventDate "2024.06.23"]
[EventType "swiss"]
[EventCountry "MNE"]
[SourceTitle "playchess.com"]
[Source "ChessBase"]
[SourceQuality "1"]
[TimeControl "40/5400+30:1800+30"]

1. e4 c5 2. Nf3 Nc6 3. b4 cxb4 4. d4 d5 5. exd5 Qxd5 6. c4 bxc3 7. Nxc3 Qa5 8. Rb1 Qxc3+ 9. Bd2 Qa3 10. d5 e6 11. dxc6 bxc6 12. Qc2 Qc5 13. Qa4 Bd7 14. Bd3 Nf6 15. O-O Qh5 16. Bf4 Bc5 17. Rfe1 Nd5 18. Ne5 Bd6 19. Nxd7 Bxf4 20. Qxc6 Qxh2+ 21. Kf1 Ke7 22. Rb7 Bc7 23. Be4 Qh1+ 24. Ke2 Qh5+ 25. Bf3 Rac8 26. Bxh5 1-0

[Event "Srdja Dragasevic Memorial-A 2024"]
[Site "Cetinje"]
[Date "2024.06.23"]
[Round "3.17"]
[White "Levi, Netanel"]
[Black "Djurovic, Peko"]
[Result "1/2-1/2"]
[ECO "B31"]
[WhiteElo "2152"]
[BlackElo "2292"]
[Annotator "RC"]
[PlyCount "97"]
[EventDate "2024.06.23"]
[EventType "swiss"]
[EventCountry "MNE"]
[SourceTitle "playchess.com"]
[Source "ChessBase"]
[SourceQuality "1"]
[TimeControl "40/5400+30:1800+30"]

1. e4 c5 2. Nf3 Nc6 3. Bb5 g6 4. Bxc6 dxc6 5. d3 Bg7 6. h3 Nf6 7. Nc3 Nd7 8. Be3 e5 9. Qd2 h6 10. O-O Qe7 11. Nh2 Nf8 12. f4 exf4 13. Bxf4 Ne6 14. Bg3 Nd4 15. Rae1 O-O 16. Nd1 b6 17. c3 Ne6 18. e5 Ba6 19. Ng4 Qg5 20. Re3 Rad8 21. Ndf2 Bxd3 22. Nxd3 c4 23. Qf2 Rxd3 24. Rxd3 cxd3 25. Bh4 Qf5 26. Qe3 Qh5 27. Nf6+ Bxf6 28. Bxf6 g5 29. Qxd3 Qg6 30. Qxg6+ fxg6 31. Rd1 Nf4 32. Rd7 Rf7 33. Rd6 c5 34. a4 Rf8 35. Rd7 Rf7 36. Rd6 Rf8 37. Rc6 Nd5 38. Kf2 Nxf6 39. exf6 Kf7 40. a5 bxa5 41. Rxc5 Rb8 42. Rxa5 Rxb2+ 43. Kf3 Rb7 44. Ra6 Rc7 45. Ke4 Rxc3 46. Rxa7+ Kxf6 47. Ra6+ Kf7 48. Ra7+ Kf6 49. Ra6+ 1/2-1/2

[Event "Srdja Dragasevic Memorial-A 2024"]
[Site "Cetinje"]
[Date "2024.06.23"]
[Round "3.18"]
[White "Alimpic, Aleksa"]
[Black "Popovic, Mateja"]
[Result "1-0"]
[ECO "D37"]
[WhiteElo "2281"]
[BlackElo "1929"]
[Annotator "RC"]
[PlyCount "60"]
[EventDate "2024.06.23"]
[EventType "swiss"]
[EventCountry "MNE"]
[SourceTitle "playchess.com"]
[Source "ChessBase"]
[SourceQuality "1"]
[TimeControl "40/5400+30:1800+30"]

1. d4 d5 2. c4 e6 3. Nf3 Nf6 4. Nc3 Be7 5. Bf4 a6 6. c5 O-O 7. e3 Nbd7 8. h3 c6 9. Bd3 b6 10. b4 Re8 11. O-O bxc5 12. bxc5 Bxc5 13. Qa4 Ba7 14. Qxc6 Nb6 15. Rfc1 Bd7 16. Qb7 Bc8 17. Qc7 Bb8 18. Qxd8 Rxd8 19. Ne5 Bd7 20. Ne2 h6 21. Rab1 Nc8 22. Nxf7 Kxf7 23. Rxb8 Ne7 24. Rxd8 Rxd8 25. Rc7 Rc8 26. Rb7 Bb5 27. Bxb5 axb5 28. Bd6 Nfg8 29. Bc5 Ra8 30. a3 Rc8 1-0